 Dungeon Crawl Stone Soup version 0.22-a0-571-g4a923d4 (webtiles) character file.

1532 Hebeh the Chopper (level 8, 0/71 HPs)
             Began as a Minotaur Fighter on July 1, 2018.
             Was a Believer of Trog.
             Killed by divine providence
             ... invoked by an orc priest
              (13 damage)
             ... on level 6 of the Dungeon.
             The game lasted 00:11:21 (5250 turns).

Hebeh the Chopper (Minotaur Fighter)                Turns: 5250, Time: 00:11:22

Health: 0/71       AC:  9    Str: 27    XL:     8   Next: 55%
Magic:  7/7        EV:  8    Int:  5    God:    Trog [**....]
Gold:   232        SH: 11    Dex: 10    Spells: 7/7 levels left

rFire    + . .     SeeInvis .   p - +5 spear of the Horn {freeze, rC- Str+4 Stlth+}
rCold    x . .     Gourm    .   c - +0 shield
rNeg     . . .     Faith    .   b - +0 scale mail
rPois    .         Spirit   .   (helmet restricted)
rElec    .         Reflect  .   (no cloak)
rCorr    .         Harm     .   j - +0 pair of gloves
MR       .....                  (no boots)
Stlth    +.........             (no amulet)
HPRegen  0.21/turn              u - ring of fire (curse)
MPRegen  0.10/turn              x - ring of protection from cold

@: no status effects
A: retaliatory headbutt, horns 2
a: Berserk, Trog's Hand, Renounce Religion


You were on level 6 of the Dungeon.
You worshipped Trog.
Trog was pleased with you.
You were not hungry.

You visited 1 branch of the dungeon, and saw 6 of its levels.

You collected 232 gold pieces.

Inventory:

Hand Weapons
 a - a +1 war axe
 p - the +5 spear of the Horn (weapon) {freeze, rC- Str+4 Stlth+}
   (You found it on level 4 of the Dungeon)

   It has been specially enchanted to freeze those struck by it, causing extra
   injury to most foes and up to half again as much damage against particularly
   susceptible opponents.
   It can also slow down cold-blooded creatures.
   It affects your strength (+4).
   It makes you vulnerable to cold.
   It makes you more stealthy.
Armour
 b - a +0 scale mail (worn)
 c - a +0 shield (worn)
 j - a +0 pair of gloves (worn)
 o - a +0 ring mail
Jewellery
 u - a cursed ring of fire (left hand)
 x - a ring of protection from cold (right hand)
Wands
 v - a wand of iceblast (10)
Scrolls
 g - a scroll of enchant weapon
 l - 7 scrolls of identify
Potions
 d - a potion of might
 e - 5 potions of lignification {unknown}
 i - 4 potions of curing
 k - a potion of berserk rage {unknown}
 m - a potion of degeneration {unknown}
 n - a potion of agility {unknown}
 q - a potion of ambrosia {unknown}
 s - 3 potions of heal wounds
 t - 2 potions of invisibility {unknown}
 w - a potion of flight {unknown}
Comestibles
 f - 9 rations
 h - a chunk of flesh


   Skills:
 + Level 6.5 Fighting
 + Level 6.6(7.8) Axes
 * Level 6.2(7.5) Polearms
 + Level 6.5 Armour
 + Level 6.4 Shields


You had 7 spell levels left.
You didn't know any spells.
Your spell library was empty.

Dungeon Overview and Level Annotations

Branches:
Dungeon (6/15)
 Temple: D:4-7

Altars:
Hepliaklqana
Okawaru
Ru
Trog
Wu Jian
Xom
Yredelemnul
The Shining One

Annotations:
D:6 2 transporters


Innate Abilities, Weirdness & Mutations

You reflexively headbutt those who attack you in melee.
You have a pair of horns on your head.


Message History

Reactivating autopickup.
You feel a bit more experienced.
You puncture the orc! You freeze the orc.
You kill the orc!
Trog accepts your kill.
The orc priest hits you but does no damage.
The orc priest hits you but does no damage.
Items here: $ ))) [[[ † The orc priest miscasts a cantrip.
You hit the orc priest. You freeze the orc priest.
The orc priest is moderately wounded.
You block the orc priest's attack.
Your shield and scale mail prevent you from hitting the orc priest.
The orc priest is moderately wounded.
You barely miss the orc priest.
You headbutt the orc priest, but do no damage.
The orc priest is moderately wounded.
The orc priest mumbles some strange prayers to Beogh against you.
Beogh smites you!
You die...

##..... ####### #.. ..
.. .. #.. .. ###..## ..
....... # .....#.####.#
##..........#
.......@....#
######.o###.###
.©.Oz##).......
#.#.l8#)###.###
...#.l#.##
.....#$).......#..##
#...©#_$....©..#©..#.##
.....#.[.......#......#
.....#$(#...#..#.####.#


You could see a two-headed ogre, a basilisk, a wight, an orc priest and a
leopard gecko.

Vanquished Creatures
  Grinder (D:4)
  A dream sheep (D:5)
  Duvessa (D:4)
  An orc warrior (D:6)
  An ogre (D:5)
  A centaur (D:5)
  Dowan (D:4)
  A scorpion (D:4)
  2 howler monkeys
  A crimson imp (D:6)
  A hound (D:6)
  3 orc priests
  A bullfrog skeleton (D:4)
  Ijyb (D:4)
  Terence (D:2)
  4 orc wizards
  2 worker ants
  A hound zombie (D:6)
  A worker ant zombie (D:6)
  7 gnolls
  6 adders
  A shadow imp (D:5)
  2 adder skeletons
  A worm (D:3)
  2 dart slugs
  4 leopard geckos
  7 orcs
  5 giant cockroaches
  8 goblins
  7 hobgoblins
  15 jackals
  4 kobolds
  2 quokkas (D:3)
  A ball python (D:1)
  6 bats
  4 frilled lizards
  A quokka skeleton (D:4)
  3 rats
112 creatures vanquished.

Vanquished Creatures (others)
  4 dream sheep (D:5)
4 creatures vanquished.

Grand Total: 116 creatures vanquished

Notes
Turn   | Place    | Note
-------+----------+-------------------------------------------
     0 | D:1      | Hebeh the Minotaur Fighter began the quest for the Orb.
     0 | D:1      | Reached XP level 1. HP: 19/19 MP: 0/0
   128 | D:1      | Reached XP level 2. HP: 20/27 MP: 1/1
   211 | D:1      | You fall through a shaft!
   310 | D:2      | Reached XP level 3. HP: 31/33 MP: 2/2
   332 | D:2      | Found an iron altar of Okawaru.
   335 | D:2      | Found an ornate altar of the Wu Jian Council.
   338 | D:2      | Found a bloodstained altar of Trog.
   974 | D:2      | Noticed Terence
   981 | D:2      | Killed Terence
   981 | D:2      | Reached XP level 4. HP: 37/40 MP: 3/3
  1821 | D:2      | Found an ornate altar of the Wu Jian Council.
  1824 | D:2      | Found an iron altar of Okawaru.
  1824 | D:2      | Found a bloodstained altar of Trog.
  1830 | D:2      | Became a worshipper of Trog the Wrathful
  2384 | D:3      | Reached XP level 5. HP: 37/47 MP: 4/4
  2540 | D:3      | Found a sacrificial altar of Ru.
  2613 | D:3      | Found a glowing golden altar of the Shining One.
  2919 | D:4      | Got a pitted spear
  2940 | D:4      | Identified the +5 spear of the Horn {freeze, rC- Str+4 Stlth+} (You found it on level 4 of the Dungeon)
  2974 | D:4      | Noticed Grinder
  2984 | D:4      | Paralysed by Grinder for 3 turns
  2991 | D:4      | Paralysed by Grinder for 6 turns
  2997 | D:4      | Killed Grinder
  2997 | D:4      | Reached skill level 5 in Fighting
  2997 | D:4      | Reached skill level 5 in Axes
  2997 | D:4      | Reached skill level 5 in Armour
  2997 | D:4      | Reached skill level 5 in Shields
  2997 | D:4      | Reached XP level 6. HP: 8/56 MP: 5/5
  3307 | D:4      | Noticed Ijyb
  3320 | D:4      | Killed Ijyb
  3383 | D:4      | Noticed Duvessa
  3383 | D:4      | Noticed Dowan
  3400 | D:4      | Killed Duvessa
  3400 | D:4      | Reached * piety under Trog
  3400 | D:4      | Reached XP level 7. HP: 51/61 MP: 6/6
  3405 | D:4      | Killed Dowan
  4059 | D:5      | Entered Level 5 of the Dungeon
  4216 | D:5      | Reached ** piety under Trog
  4357 | D:5      | Reached skill level 5 in Polearms
  4357 | D:5      | Reached XP level 8. HP: 17/70 MP: 7/7
  4639 | D:5      | Found a shimmering altar of Xom.
  4640 | D:5      | Found a hazy altar of Hepliaklqana.
  4646 | D:5      | Noticed a spectral ugly thing
  4733 | D:5      | Found a shimmering altar of Xom.
  4733 | D:5      | Noticed a dream sheep
  4733 | D:5      | Noticed a dream sheep
  4733 | D:5      | Noticed a dream sheep
  4733 | D:5      | Noticed a dream sheep
  4733 | D:5      | Noticed a dream sheep
  4735 | D:5      | Killed a dream sheep
  4735 | D:5      | Killed a dream sheep
  4735 | D:5      | Killed a dream sheep
  4735 | D:5      | Killed a dream sheep
  4735 | D:5      | Killed a dream sheep
  5206 | D:6      | Noticed a two-headed ogre
  5206 | D:6      | Found a basalt altar of Yredelemnul.
  5212 | D:6      | Found a transporter.
  5218 | D:6      | Found a transporter.
  5250 | D:6      | Killed from afar by an orc priest

Vault maps used:
D:1:      tarquinn_simple_flora_water_b
D:2:      grunt_temple_overflow_diamond, uniq_terence
D:3:      tso_metal_star, nicolae_ru_great_annihilating_truth
D:4:      serial_forest, infiniplex_forest_lined_3_way,
          infiniplex_forest_fountain, infiniplex_forest_clump_tiny,
          infiniplex_forest_straight_2, infiniplex_forest_lined_2,
          infiniplex_forest_lined_corner, infiniplex_forest_clump_double,
          infiniplex_forest_clump_medium, infiniplex_forest_lined_corner,
          infiniplex_forest_zigzag_2, uniq_grinder, uniq_duvessa, uniq_ijyb
D:5:      regret_index_temple_of_mockery, first_ration, st_stairs_6,
          kb_xom_exploding_sheep
D:6:      gammafunk_temple_overflow_arena, minivault_19

Skill      XL: |  1  2  3  4  5  6  7  8 |
---------------+-------------------------+-----
Axes           | 3 4 5 6 |  6.6
Armour         | 4 5 6 |  6.5
Shields        | 4 5 6 |  6.4
Fighting       | 4 5 6 |  6.5
Polearms       | 2 3 5 6 |  6.2

Action                   |  1- 3 |  4- 6 |  7- 9 || total
-------------------------+-------+-------+-------++-------
Melee: War axe           |    88 |    62 |       ||   150
       Headbutt          |    11 |    17 |    22 ||    50
       Spear             |       |    40 |   150 ||   190
  Use: Scroll            |       |       |     7 ||     7
 Stab: Paralysed         |       |     1 |       ||     1
       Fleeing           |       |       |     1 ||     1
  Eat: Chunk             |       |     8 |     6 ||    14
Armor: Scale mail        |    44 |    30 |    27 ||   101
Dodge: Dodged            |    39 |    21 |    19 ||    79
Block: Shield            |    45 |    52 |    43 ||   140

Table legend:
 A = Spawn XP
 B = Non-spawn XP
 C = Spawn XP percentage of total XP
 D = Spawn monster count
 E = Non-spawn monster count
 F = Spawn count percentage of total count
 G = Total turns spent on level
                    A         B        C        D         E        F      G
               +---------+---------+-------+---------+---------+-------+---------
         Total |       0 |    2189 |   0.0 |       0 |     112 |   0.0 |  5250
               +---------+---------+-------+---------+---------+-------+---------
           D:1 |       0 |      24 |   0.0 |       0 |      15 |   0.0 |   422
           D:2 |       0 |     106 |   0.0 |       0 |      20 |   0.0 |  1699
           D:3 |       0 |     122 |   0.0 |       0 |      24 |   0.0 |   757
           D:4 |       0 |     839 |   0.0 |       0 |      18 |   0.0 |  1181
           D:5 |       0 |     652 |   0.0 |       0 |      21 |   0.0 |   722
           D:6 |       0 |     446 |   0.0 |       0 |      14 |   0.0 |   469
               +---------+---------+-------+---------+---------+-------+---------
